 Dungeon Crawl Stone Soup version 0.31-a0-538-gbc85326fa9 (webtiles) character file.

Game seed: 11547902759026158032

1925 howech the Trooper (level 8, 0/71 HPs)
             Began as a Minotaur Berserker on Aug 13, 2023.
             Was a Priest of Trog.
             Succumbed to a scorpion's poison
             ... on level 7 of the Dungeon.
             The game lasted 00:13:06 (5052 turns).

howech the Trooper (Minotaur Berserker)             Turns: 5052, Time: 00:13:06

Health: 0/71       AC: 18    Str: 23    XL:     8   Next: 96%
Magic:  7/7        EV: 10    Int:  6    God:    Trog [***...]
Gold:   197        SH:  0    Dex:  9    Spells: 7/7 levels left

rFire   . . .        a - +1 hand axe
rCold   . . .        (no shield)
rNeg    . . .        p - +0 chain mail
rPois   .            (helmet restricted)
rElec   .            C - +2 cloak
rCorr   .            B - +0 pair of gloves
SInv    .            (no boots)
Will    .....        (no amulet) Stlth
                     g - +4 ring of protection
HPRegen 0.31/turn    d - ring of flight
MPRegen 0.10/turn

%: no passive effects
@: lethally poisoned (0 -> -2), on berserk cooldown, attractive, flying, slowed,
very slow
A: horns 2, retaliatory headbutt
a: Renounce Religion, Berserk, Trog's Hand


You were on level 7 of the Dungeon.
You worshipped Trog.
Trog was most pleased with you.
You visited 1 branch of the dungeon, and saw 7 of its levels.

You collected 307 gold pieces.
You spent 110 gold pieces at shops.

Inventory:

Hand Weapons
 a - a +1 hand axe (weapon)
 y - the +5 short sword "Zorec" {heavy, rC+ Str+3 Dex+3}
   (You found it on level 5 of the Dungeon)

   Str+3:     It affects your strength (+3).
   Dex+3:     It affects your dexterity (+3).
   rC+:       It protects you from cold.
Armour
 b - a +0 animal skin
 p - a +0 chain mail (worn)
 B - a +0 pair of gloves (worn)
 C - a +2 cloak (worn)
Jewellery
 d - a ring of flight (right hand)
 e - an amulet of guardian spirit
 f - an amulet of magic regeneration
 g - a +4 ring of protection (left hand)
Wands
 x - a wand of roots (5)
 A - a wand of flame (11)
Scrolls
 c - 4 scrolls of immolation
 h - 5 scrolls of teleportation
 i - 2 scrolls of vulnerability
 m - a scroll of fog
 o - a scroll of brand weapon
 v - a scroll of revelation
 w - a scroll of blinking {unknown}
 z - 2 scrolls of silence {unknown}
Potions
 j - a potion of mutation
 k - a potion of cancellation
 l - 2 potions of attraction
 n - 2 potions of lignification {unknown}
 r - a potion of resistance {unknown}
 s - 2 potions of brilliance {unknown}
 t - 2 potions of curing {unknown}


   Skills:
 + Level 6.5 Fighting
 + Level 6.5 Axes
 + Level 4.1 Throwing
 + Level 5.6 Armour
 + Level 5.1 Dodging
 + Level 4.9 Shields
 + Level 3.7 Evocations


You had 7 spell levels left.
You didn't know any spells.
Your spell library was empty.

Dungeon Overview and Level Annotations

Branches:
Dungeon (7/15)             Temple (0/1) D:7

Altars:
Cheibriados
Dithmenos
Fedhas
Hepliaklqana

Shops:
D:3 ?   D:5 *   D:6 =

Annotations:
D:7 Jeremiah, Pikel


Innate Abilities, Weirdness & Mutations

You have a pair of horns on your head.
You reflexively headbutt those who attack you in melee.


Message History

You feel sick.
You are no longer poisoned.
The butterfly disappears in a burst of colours!
The scorpion stings you.
* * * LOW HITPOINT WARNING * * *
You are poisoned.
The scorpion poisons you!
A white imp comes into view.
Pikel, Merchant of Souls comes into view.
He is wielding a +1 whip of freezing and carrying a wand of roots.
The scorpion misses you. You furiously retaliate!
You headbutt the scorpion, but do no damage.
The white imp moves out of view.
You closely miss the scorpion.
You headbutt the scorpion, but do no damage.
The scorpion is severely wounded.
The sentinel's mark upon you fades away.
You feel very sick. The scorpion closely misses you. You furiously retaliate!
You headbutt the scorpion. The scorpion closely misses you.
You closely miss the scorpion.
The scorpion is almost dead.
You feel sick.
The butterfly disappears in a burst of colours! x2
Jeremiah mumbles a slurred invocation.
Something smites you!
* * * LOW HITPOINT WARNING * * *
The scorpion stings you but does no damage. x2
You slash the scorpion!
You kill the scorpion!
Trog accepts your kill.
You hear the faint creaking of a very distant portcullis.
* * * LOW HITPOINT WARNING * * *
You feel sick.
The butterfly disappears in a burst of colours! x2
The bullfrog closely misses you. You furiously retaliate!
You headbutt the bullfrog!
A lemure comes into view.
It was a potion of attraction.
You feel attractive to monsters.
You die...

#####..<.#####.....##**,*,,
#####....####.......##*,***
#####....###..$.l....#*,*
####.....###.........#*,*
####.##.####.!.......#*,*
####.##.####.........#*,***
####.##.####..).....b#*,*,,
####.##<#####bbb.5....,,,,*
###......)@FhKlKbb...#,,***
###..##.####KK.bF.....,,,,,
#######.####.Kbbb.!..#,****
#######.####..Y.bb....,***
#######..###.b°....b..,,,**
########.####bb.....#.,*,*,
########.#####.....##,**,,,
#######.##########..,***,,
*,* ****.#***,,*


You could see Jeremiah, Pikel, a sky beast, a lemure, a bullfrog, an iguana, a
hound and 4 kobolds.

Vanquished Creatures
  Joseph (D:7)
  A steam dragon (D:7)
  Duvessa (D:4)
  An ice beast (D:5)
  A black bear (D:5)
  2 ogres (D:5)
  A phantom (D:6)
  A kobold brigand (D:7)
  A bullfrog (D:7)
  5 scorpions
  Dowan (D:4)
  A howler monkey (D:5)
  2 jellies (D:5)
  A sleepcap (D:4)
  2 hounds
  3 iguanas
  2 orc wizards (D:7)
  Robin (D:4)
  6 adders
  An ufetubus (D:6)
  2 dart slugs
  23 orcs
  2 endoplasms
  2 giant cockroaches (D:1)
  13 goblins
  9 hobgoblins
  2 quokkas
  5 ball pythons
  8 bats
  3 frilled lizards
  4 kobolds
  3 rats
111 creatures vanquished.

Vanquished Creatures (others)
  An orc wizard (D:7)
1 creature vanquished.

Grand Total: 112 creatures vanquished

Notes
Turn   | Place    | Note
-------+----------+-------------------------------------------
     0 | D:1      | howech the Minotaur Berserker began the quest for the Orb.
     0 | D:1      | Reached XP level 1. HP: 19/19 MP: 0/0
    54 | D:1      | Found a faded altar of an unknown god.
   120 | D:1      | Reached XP level 2. HP: 27/27 MP: 1/1
   812 | D:2      | Reached skill level 1 in Shields
   812 | D:2      | Reached XP level 3. HP: 33/33 MP: 2/2
  1017 | D:2      | Reached ** piety under Trog
  1652 | D:3      | Found Ullef's Magic Scroll Shoppe.
  1660 | D:3      | Bought a scroll of identify for 22 gold pieces
  1660 | D:3      | Bought a scroll of identify for 22 gold pieces
  1660 | D:3      | Bought a scroll of identify for 22 gold pieces
  1660 | D:3      | Bought a scroll of immolation for 44 gold pieces
  1917 | D:3      | Reached skill level 1 in Evocations
  2220 | D:4      | Reached skill level 1 in Throwing
  2220 | D:4      | Reached XP level 4. HP: 23/40 MP: 3/3
  2317 | D:4      | Noticed Robin
  2338 | D:4      | Killed Robin
  2485 | D:4      | Noticed Dowan
  2520 | D:4      | Noticed Duvessa
  2532 | D:4      | Killed Duvessa
  2533 | D:4      | Reached XP level 5. HP: 47/47 MP: 4/4
  2538 | D:4      | Killed Dowan
  2539 | D:4      | Reached XP level 6. HP: 42/53 MP: 5/5
  2972 | D:5      | Entered Level 5 of the Dungeon
  3048 | D:5      | Noticed an ice beast
  3056 | D:5      | Killed an ice beast
  3153 | D:5      | Reached skill level 5 in Fighting
  3153 | D:5      | Reached skill level 5 in Axes
  3153 | D:5      | Reached XP level 7. HP: 43/61 MP: 6/6
  3247 | D:5      | Identified the +5 short sword "Zorec" {heavy, rC+ Str+3
                  | Dex+3}
  3890 | D:5      | Found Buivis's General Store.
  3894 | D:5      | Found a hazy altar of Hepliaklqana.
  3897 | D:5      | Found a blossoming altar of Fedhas.
  3899 | D:5      | Found a shadowy altar of Dithmenos.
  4312 | D:6      | Reached XP level 8. HP: 67/69 MP: 7/7
  4355 | D:6      | Found a snail-covered altar of Cheibriados.
  4581 | D:6      | Reached *** piety under Trog
  4823 | D:6      | Found Cerphiba's Jewellery Shoppe.
  5015 | D:7      | Noticed Joseph
  5025 | D:7      | Reached skill level 5 in Armour
  5025 | D:7      | Noticed Jeremiah
  5030 | D:7      | Killed Joseph
  5037 | D:7      | Reached skill level 5 in Dodging
  5048 | D:7      | Noticed Pikel
  5050 | D:7      | HP: 2/71 [Jeremiah/divine providence (9)]
  5052 | D:7      | Succumbed to a scorpion's poison

Illustrated notes

Levels and vault maps discovered:
D:1:      minmay_arrival_wavy_path, layout_basic,
          ebering_ecumenical_altar_sacrificial
D:2:      layout_basic
D:3:      layout_basic, serial_shops, nicolae_shop_crystal, grunt_decor_clamped,
          minmay_pentomino_pile
D:4:      layout_rooms, uniq_duvessa, uniq_robin
D:5:      layout_gridville, grunt_temple_overflow_open, serial_shops, shop
D:6:      layout_gridville, mainiacjoe_overflow_six_doors_small, serial_shops,
          nicolae_shop_waterfront
D:7:      layout_rooms, nicolae_tso_besieged_by_evil, minmay_temple_entry_waves,
          enter_bailey_5, uniq_joseph, uniq_crazy_yiuf_cottage, uniq_jeremiah,
          uniq_pikel

Skill      XL: |  1  2  3  4  5  6  7  8 |
---------------+-------------------------+-----
Axes           | 4 5 6 |  6.5
Shields        | 1 2 3 4 |  4.9
Fighting       | 4 5 6 |  6.5
Evocations     | 1 2 3 |  3.7
Throwing       | 1 2 3 4 |  4.1
Armour         | 3 4 5 |  5.6
Dodging        | 3 4 5 |  5.1

Action                     |  1- 3 |  4- 6 |  7- 9 || total
---------------------------+-------+-------+-------++-------
  Melee: Hand axe          |   105 |    88 |   137 ||   330
         Headbutt          |    10 |    19 |    15 ||    44
         Punch             |     2 |     1 |     3 ||     6
 Invoke: Trog's Hand       |       |     3 |     1 ||     4
         Berserk           |       |     1 |     1 ||     2
    Use: Scroll            |     5 |     1 |     3 ||     9
         Potion            |       |       |     2 ||     2
 Armour: Animal skin       |     9 |       |       ||     9
         Chain mail        |    60 |    58 |    82 ||   200
  Dodge: Dodged            |    52 |    51 |    71 ||   174

Table legend: (Time is in decaauts)
 A = Elapsed time spent in this place.
 B = Non-inter-level travel time spent in this place.
 C = Inter-level travel time spent in this place.
 D = Time resting spent in this place.
 E = Time spent auto-exploring this place.
 F = Levels seen in this place.
 G = Mean time per level.
                   A        B        C        D        E       F      G
               +--------+--------+--------+--------+--------+-----+--------+
         Total |   5084 |   4947 |    137 |    384 |   3540 |   7 |  726.3 |
       Dungeon |   5084 |   4947 |    137 |    384 |   3540 |   7 |  726.3 |
               +--------+--------+--------+--------+--------+-----+--------+

Top non-repeatable levels by time:
     D:5: 1319 daAuts
     D:3: 905 daAuts
     D:4: 816 daAuts
     D:6: 717 daAuts
     D:2: 683 daAuts
     D:1: 592 daAuts
     D:7: 49 daAuts
